 Dungeon Sprint DCSS version 0.17-a0-1642-gd4b747b (webtiles) character file.

57 Kidiri the Covered (level 3, -6/34 HPs)
             Began as a Minotaur Fighter on Aug 8, 2015.
             Was an Initiate of Okawaru.
             Mangled by an orc warrior
             ... wielding a +0 halberd
              (16 damage)
             ... in the Dungeon (Sprint VII: "The Pits").
             The game lasted 00:02:28 (431 turns).

Kidiri the Covered (Minotaur Fighter)                Turns: 431, Time: 00:02:28

Health: -6/34      AC: 10    Str: 21    XL:     3   Next: 73%
Magic:  3/3        EV:  8    Int:  5    God:    Okawaru [......]
Gold:   0          SH: 10    Dex:  9    Spells: 0 memorised, 2 levels left

rFire  . . .     SeeInvis .     a - +2 mace (crush)
rCold  . . .     Clarity  .     b - +3 scale mail
rNeg   . . .     SustAt   .     c - +0 shield
rPois  .         Gourm    .     (helmet restricted)
rElec  .         Spirit   .     (no cloak)
rCorr  .         Warding  .     (no gloves)
rMut   .         NoTele   +     (no boots)
MR     .....                    (no amulet)
Stlth  ..........               (no ring)
                                (no ring)

@: not resistant to hostile enchantments, extremely unstealthy
A: retaliatory headbutt, horns 2
a: Renounce Religion


You were in the Dungeon.
You worshipped Okawaru.
Okawaru was noncommittal.
You were not hungry.

You visited 1 branch

Inventory:

Hand weapons
 a - a +2 mace of crushing (weapon)
Armour
 b - a +3 scale mail (worn)
 c - a +0 shield (worn)
Scrolls
 k - a scroll of blinking
 p - 3 scrolls of remove curse
 q - 5 scrolls of amnesia
 r - a scroll of summoning
Potions
 d - a potion of might
 f - 5 potions of curing
 g - 6 potions of heal wounds
 h - a potion of haste
 i - 4 potions of magic
 j - 3 potions of berserk rage
 o - 2 potions of invisibility
Comestibles
 e - 8 bread rations
 l - 4 chunks of flesh
 m - 40 fruits
 n - 7 meat rations


   Skills:
 + Level 4.6 Fighting
 * Level 4.7 Maces & Flails
 * Level 5.8 Armour
 + Level 2.1 Dodging
 * Level 5.4 Shields
 + Level 1.9 Invocations


You had 2 spell levels left.
You didn't know any spells.

Dungeon Overview and Level Annotations

Branches:
Dungeon (1/1)

Altars:
Ashenzari
Cheibriados
Dithmenos
Elyvilon
Fedhas
Gozag
Kikubaaqudgha
Makhleb
Nemelex Xobeh
Okawaru
Qazlal
Ru
Sif Muna
Trog
Vehumet
Xom
Yredelemnul
Zin
The Shining One
Beogh
Jiyva
Lugonu


Innate Abilities, Weirdness & Mutations

You reflexively headbutt those who attack you in melee.
You have a pair of horns on your head.


Message History

The orc wizard mumbles some strange words.
The orc wizard flickers and vanishes!
Deactivating autopickup; reactivate with Ctrl-A.
Use which ability? (? or * to list) Use which ability? (? or * to list)
Okay, then.
Unknown command.
Unknown command.
There is an open door here.
The orc warrior barely misses you. You furiously retaliate!
You headbutt the orc warrior. You closely miss the orc warrior.
You headbutt the orc warrior.
The orc warrior is lightly wounded.
The orc warrior hits you with a halberd!
* * * LOW HITPOINT WARNING * * *
You hit the orc warrior but do no damage.
Your headbutt misses the orc warrior.
The orc warrior is lightly wounded.
The orc warrior hits you with a halberd!
You die...

############
#__________#
#__________#
#.#####+############
#_#)))+.+..##.......
#_#)))#.#?(##......#
#######+#####.......
#.o@........'.......
#r#####+#####......#
#.#...#.#..##.......
#o#...#.#))#####+###
#.#..)+.#))##.......
#.##+####))##.......
#.#.....#[[##.......
#r#.....#+###...<...
#.#........##.......


You could see an orc warrior and a porcupine.

Vanquished Creatures
  2 worker ants (D)
  An ufetubus (D)
  An adder zombie (D)
  An ooze (D)
  A ball python (D)
  A goblin (D)
  A giant newt (D)
  A rat (D)
9 creatures vanquished.

Notes
Turn   | Place    | Note
--------------------------------------------------------------
     0 | D        | Kidiri the Minotaur Fighter began the quest for the Orb.
     0 | D        | Reached XP level 1. HP: 19/19 MP: 0/0
    17 | D        | Reached skill level 4 in Armour
    29 | D        | Found a sacrificial altar of Ru.
    29 | D        | Found a basalt altar of Yredelemnul.
    29 | D        | Found a shadowy altar of Dithmenos.
    29 | D        | Found a deep blue altar of Sif Muna.
    29 | D        | Found a burning altar of Makhleb.
    29 | D        | Found a shimmering altar of Xom.
    29 | D        | Found an ancient bone altar of Kikubaaqudgha.
    29 | D        | Found a sparkling altar of Nemelex Xobeh.
    30 | D        | Found a glowing golden altar of the Shining One.
    30 | D        | Found a bloodstained altar of Trog.
    30 | D        | Found a shattered altar of Ashenzari.
    30 | D        | Found a white marble altar of Elyvilon.
    30 | D        | Found a snail-covered altar of Cheibriados.
    30 | D        | Found a blossoming altar of Fedhas.
    30 | D        | Found a radiant altar of Vehumet.
    30 | D        | Found a glowing silver altar of Zin.
    30 | D        | Found a corrupted altar of Lugonu.
    30 | D        | Found a viscous altar of Jiyva.
    30 | D        | Found a roughly hewn altar of Beogh.
    30 | D        | Found an iron altar of Okawaru.
    36 | D        | Found a stormy altar of Qazlal.
    37 | D        | Found an opulent altar of Gozag.
    39 | D        | Became a worshipper of Warmaster Okawaru
    82 | D        | Noticed a worker ant
    88 | D        | Killed a worker ant
    88 | D        | Reached skill level 1 in Dodging
    88 | D        | Reached skill level 1 in Invocations
    88 | D        | Reached XP level 2. HP: 20/27 MP: 1/1
    92 | D        | Reached skill level 5 in Armour
   305 | D        | Noticed a worker ant
   307 | D        | Killed a worker ant
   307 | D        | Reached skill level 5 in Shields
   307 | D        | Reached XP level 3. HP: 32/34 MP: 3/3
   413 | D        | Noticed an orc warrior
   413 | D        | Noticed an orc wizard
   415 | D        | Noticed an orc priest
   417 | D        | Noticed a porcupine
   431 | D        | Mangled by an orc warrior

Vault maps used:
D:        pitsprint

Action                   || total
-------------------------++-------
Melee: Mace              ||    23
       Flail             ||     4
  Use: Potion            ||     1
